 Dungeon Crawl Stone Soup version 0.25.1-2-g60ff931df9 (webtiles) character file.

Game seed: 15652343116610667974

3203 Chiseanne the Fighter (level 9, -2/102 HPs)
             Began as an Ogre Gladiator on Oct 6, 2020.
             Was an Initiate of Gozag.
             Slain by a yak (14 damage)
             ... on level 8 of the Dungeon.
             The game lasted 00:20:00 (12099 turns).

Chiseanne the Fighter (Ogre Gladiator)             Turns: 12099, Time: 00:20:01

Health: -2/102     AC:  6    Str: 28    XL:     9   Next: 96%
Magic:  0/19       EV: 13    Int:  9    God:    Gozag
Gold:   33         SH:  0    Dex: 10    Spells: 22/22 levels left

rFire    + . .     SeeInvis .   a - +9 war axe of the Shallot {vorpal, *Corrode rElec MR+ Str+5}
rCold    + . .     Gourm    .   (no shield)
rNeg     . . .     Faith    .   H - +2 robe {MR+}
rPois    .         Spirit   +   c - +1 hat
rElec    +         Reflect  .   N - scarf {rC+ rF+}
rCorr    +         Harm     .   (gloves unavailable)
MR       ++...                  (boots unavailable)
Stlth    +.........             p - amulet of guardian spirit
HPRegen  0.27/turn              m - ring of resist corrosion
MPRegen  0.16/turn              (no ring)

@: lethally poisoned (-2 -> -3), about to teleport, gold aura
A: large, unfitting armour, tough skin 1
a: Potion Petition, Call Merchant, Bribe Branch, Renounce Religion


You were on level 8 of the Dungeon.
You worshipped Gozag.
Gozag was noncommittal.
You were not hungry.

You visited 2 branches of the dungeon, and saw 10 of its levels.
You also visited: Ossuary.

You collected 1647 gold pieces.
You spent 785 gold pieces at shops.
You paid 829 gold pieces to Gozag.

Inventory:

Hand Weapons
 a - the +9 war axe of the Shallot (weapon) {vorpal, *Corrode rElec MR+ Str+5}
   (You bought it in a shop on level 7 of the Dungeon)

   It inflicts extra damage upon your enemies.
   It affects your strength (+5).
   It insulates you from electricity.
   It affects your resistance to hostile enchantments.
   It may corrode you when you take damage.
 s - a +2 flail of holy wrath
 w - a +0 hand crossbow of freezing
 I - a +0 battleaxe
Missiles
 d - 5 throwing nets
 e - 196 stones
 j - 178 arrows
 n - 28 poisoned darts (quivered)
 q - 16 sling bullets
 r - 75 bolts
 E - 2 silver boomerangs
 G - 7 javelins
 J - 8 boomerangs
Armour
 c - a +1 hat (worn)
 H - a +2 robe of magic resistance (worn)
 N - a scarf of resistance (worn)
Jewellery
 m - a ring of resist corrosion (left hand)
 p - an amulet of guardian spirit (around neck)
Wands
 y - a wand of acid (3)
 z - a wand of digging (7)
 C - a wand of polymorph (19)
 K - a wand of random effects (7)
 L - a wand of clouds (4)
 M - a wand of flame (23)
Scrolls
 k - 3 scrolls of enchant armour
 l - 2 scrolls of teleportation
 v - a scroll of immolation
 A - 4 scrolls of remove curse
Potions
 g - 6 potions of heal wounds
 h - 7 potions of lignification
 i - a potion of resistance
 o - 2 potions of stabbing
 t - a potion of might {unknown}
 u - a potion of curing {unknown}
 x - 2 potions of brilliance
 B - a potion of mutation
 D - a potion of berserk rage
 F - a potion of ambrosia
Comestibles
 f - 16 rations


   Skills:
 * Level 10.8 Fighting
   Level 3.0 Staves
 - Level 2.0 Throwing
 * Level 7.9 Dodging
 * Level 7.1 Spellcasting
 - Level 2.4 Evocations


You had 22 spell levels left.
You didn't know any spells.
Your spell library contained the following spells:

 Spells                   Type           Power        Failure   Level  Hunger
 Beastly Appendage        Tmut           #.....       21%         1    None
 Sticks to Snakes         Tmut           #.......     30%         2    ##.....
 Spider Form              Tmut/Pois      #.........   52%         3    ###....
 Ice Form                 Ice/Tmut       #.......     89%         4    ####...
 Blade Hands              Tmut           #.........   99%         5    ######.


Dungeon Overview and Level Annotations

Branches:
Dungeon (9/15)             Temple (1/1) D:4         Ossuary (visited)
   Lair: D:8-11         Orc: D:9-12

Altars:
Cheibriados
Dithmenos
Elyvilon
Fedhas
Gozag
Kikubaaqudgha
Makhleb
Okawaru
Qazlal
Sif Muna
Trog
Uskayaw
Vehumet
Xom
Yredelemnul
Zin
The Shining One

Shops:
D:7 *


Innate Abilities, Weirdness & Mutations

You are too large for most types of armour.
You have tough skin. (AC +1)


Message History

You hit the worker ant.
You kill the worker ant!
You slash the yak!
The yak is no longer distracted by gold.
You slash the yak! You hit the yak.
You feel sick. The yak misses you. The yak gores you but does no damage.
The yak gores you.
* * * LOW HITPOINT WARNING * * *
The yak becomes distracted by the nearby gold, dreaming of imaginary riches.
The yak gores you!
* * * LOW HITPOINT WARNING * * *
The yak gores you!
* * * LOW HITPOINT WARNING * * *
The yak bellows!
You see here 5 gold pieces.
You feel sick.
The yak is no longer distracted by gold.
As you read the scroll of teleportation, it crumbles to dust.
You feel strangely unstable. The yak gores you!
You die...
Your body crumbles into a pile of gold.

#.#.#
#.#..#..#.'....##.#....⌠..
#.#.#
#.#.##..###....##.#......^
#.#.# #.#.....#
#....##.##.8...8 #.#.#
#.#####.# #....##.###.....
#.#.# #.# #.# #....##.#
##...# #.#.# #[# #.#
###'###.# ##.## #<#.####.#
#.# #.# #.# #...
..#.#..#.#####Y#####'###.#
#.##
.............YYY@......#.#
#.#
###.#..#.#####.####....#.#
#.# #....#.# #.####....#.#
#.# ###..#[# #..>.'....'.#
#.# #####'##[#
######....### #.#
........[# #....# #<#
##......## #....# ###
#......# ###### #......#


You could see 4 yaks.

Vanquished Creatures
  A hornet (D:8)
  A hippogriff (D:7)
  A yak (D:8)
  2 orc warriors
  A phantom (D:6)
  A sky beast (D:6)
  A black bear (D:8)
  An ogre (D:7)
  A centaur (D:6)
  An elf zombie (Ossuary)
  3 bullfrogs
  A wyvern zombie (D:8)
  2 gnoll sergeants (D:6)
  2 scorpions
  4 killer bees (D:7)
  3 howler monkeys
  2 crimson imps (D:6)
  A centaur zombie (D:8)
  2 orc priests
  3 hounds
  4 bullfrog skeletons
  2 centaur skeletons
  A jelly (D:5)
  5 orc wizards
  2 iguanas
  6 worker ants
  A killer bee zombie (D:5)
  2 big kobold zombies (Ossuary)
  2 mummies (Ossuary)
  A worker ant zombie (D:6)
  6 gnolls (D:6)
  3 howler monkey skeletons
  12 adders
  4 shadow imps
  An adder zombie (D:5)
  2 oozes
  An adder skeleton (D:6)
  2 worms (D:2)
  A dart slug (D:1)
  3 leopard geckos
  27 orcs
  6 bats
  5 giant cockroaches
  3 gnoll zombies (Ossuary)
  4 goblins
  4 hobgoblins
  22 jackals
  5 kobolds
  5 quokkas
  2 ball pythons
  2 frilled lizards (D:2)
  4 goblin zombies (Ossuary)
  2 hobgoblin zombies (Ossuary)
  2 jackal skeletons
  A jackal zombie (D:6)
  2 orc zombies (Ossuary)
  A quokka skeleton (D:4)
  3 rats
195 creatures vanquished.

Vanquished Creatures (others)
  6 toadstools (D:4)
6 creatures vanquished.

Grand Total: 201 creatures vanquished

Notes
Turn   | Place    | Note
-------+----------+-------------------------------------------
     0 | D:1      | Chiseanne the Ogre Gladiator began the quest for the Orb.
     0 | D:1      | Reached XP level 1. HP: 22/22 MP: 1/1
   130 | D:1      | Reached skill level 3 in Fighting
   240 | D:1      | Reached XP level 2. HP: 30/31 MP: 2/2
   714 | D:2      | Reached XP level 3. HP: 33/39 MP: 3/3
   766 | D:2      | Reached skill level 4 in Fighting
  1432 | D:2      | Reached XP level 4. HP: 49/49 MP: 4/4
  1809 | D:2      | Found a shadowy altar of Dithmenos.
  2519 | D:3      | Found a basalt altar of Yredelemnul.
  2578 | D:3      | Found a white marble altar of Elyvilon.
  3113 | D:4      | Reached skill level 5 in Fighting
  3367 | D:4      | Reached XP level 5. HP: 53/57 MP: 5/5
  3493 | D:4      | Found a staircase to the Ecumenical Temple.
  3501 | Temple   | Entered the Ecumenical Temple
  3533 | Temple   | Became a worshipper of Gozag Ym Sagoz the Greedy
  4111 | D:5      | Entered Level 5 of the Dungeon
  4127 | D:4      | Reached skill level 1 in Evocations
  4568 | D:4      | Reached XP level 6. HP: 33/67 MP: 2/7
  5035 | D:5      | Reached skill level 6 in Fighting
  5299 | D:5      | Reached XP level 7. HP: 14/76 MP: 3/8
  6137 | D:5      | Found an ancient bone altar of Kikubaaqudgha.
  6148 | D:5      | Found a glowing golden altar of the Shining One.
  6149 | D:5      | Found a shimmering blue altar of Sif Muna.
  6153 | D:5      | Found a stormy altar of Qazlal.
  6252 | D:5      | Found a blossoming altar of Fedhas.
  6525 | D:6      | Reached skill level 5 in Dodging
  6525 | D:6      | Reached skill level 1 in Spellcasting
  6558 | D:6      | Reached skill level 7 in Fighting
  6614 | D:6      | Found an opulent altar of Gozag.
  6774 | D:6      | Reached XP level 8. HP: 64/87 MP: 8/12
  7401 | D:6      | Reached skill level 8 in Fighting
  8664 | D:6      | Found a glowing silver altar of Zin.
  9176 | D:7      | Reached skill level 9 in Fighting
  9181 | D:7      | Noticed a hippogriff
  9203 | D:7      | Killed a hippogriff
  9203 | D:7      | Reached skill level 5 in Spellcasting
  9203 | D:7      | Reached XP level 9. HP: 66/98 MP: 10/16
  9493 | D:7      | Found a sand-covered staircase.
  9498 | Ossuary  | Entered an ossuary
  9818 | D:7      | Bought a translucent war axe for 221 gold pieces
  9818 | D:7      | Bought a scroll of teleportation for 78 gold pieces
  9818 | D:7      | Bought a glowing robe for 96 gold pieces
  9831 | D:7      | Identified the +9 war axe of the Shallot {vorpal, *Corrode
                  | rElec MR+ Str+5} (You bought it in a shop on level 7 of the
                  | Dungeon)
 10794 | D:8      | Reached skill level 10 in Fighting
 11300 | D:8      | Noticed a hornet
 11305 | D:8      | Killed a hornet
 11482 | D:8      | Found a bloodstained altar of Trog.
 11482 | D:8      | Found an iron altar of Okawaru.
 11888 | D:7      | Bought a brass wand for 104 gold pieces
 11888 | D:7      | Bought a scroll of remove curse for 78 gold pieces
 11888 | D:7      | Bought an embroidered scarf for 208 gold pieces
 12092 | D:9      | Noticed a troll
 12099 | D:8      | Slain by a yak

Illustrated notes

Levels and vault maps discovered:
D:1:      minmay_arrival_five_plusses, layout_loops_cross
D:2:      kennysheep_big_flooded_room, layout_basic, lemuel_altar_in_water
D:3:      layout_loops_cross, kennysheep_ying_yang
D:4:      layout_loops_corners, minmay_temple_entry_gardened_gates,
          minmay_gold_behind_fungi, minmay_checkerbox
D:5:      layout_loops_cross, minitemple, fedhas_altar_1, first_ration,
          hex_large
D:6:      layout_basic, zin_scriptorium, grunt_gozag_statues
D:7:      layout_basic, nicolae_ossuary_entry_plus, grunt_ogre_cave
D:8:      layout_basic, grunt_temple_overflow_bloody_war,
          wad_floor_pattern_untrapped
D:9:      layout_cave_pools, gammafunk_temple_overflow_claw,
          serial_column_ruins, column_ruins_open_tiny, column_ruins_open_tiny,
          column_ruins_grid_1, column_ruins_grid_1, column_ruins_columns_corner,
          basic_altar
Temple:   compressed_dpeg_triangle_lava_temple

Skill      XL: |  1  2  3  4  5  6  7  8  9 |
---------------+----------------------------+-----
Fighting       | 3 4 5 6 7 9 10 | 10.8
Dodging        | 3 4 5 6 7 |  7.9
Evocations     | 1 2 |  2.4
Spellcasting   | 2 5 7 |  7.1
Staves         | |  3.0
Throwing       | |  2.0

Action                   |  1- 3 |  4- 6 |  7- 9 || total
-------------------------+-------+-------+-------++-------
Melee: Quarterstaff      |    87 |   187 |   139 ||   413
       Flail             |       |       |   126 ||   126
       War axe           |       |       |    91 ||    91
Throw: Dart              |       |       |    28 ||    28
       Throwing net      |       |       |     1 ||     1
Invok: Potion Petition   |       |       |     1 ||     1
       Call Merchant     |       |       |     1 ||     1
Evoke: Wand              |       |    10 |     5 ||    15
  Use: Scroll            |       |    10 |    13 ||    23
 Stab: Sleeping          |     1 |     1 |       ||     2
       Distracted        |       |     1 |     1 ||     2
       Held in net/web   |       |       |     1 ||     1
  Eat: Chunk             |     1 |     8 |       ||     9
       Ration            |       |     2 |     6 ||     8
Armor: Robe              |    41 |    47 |    93 ||   181
Dodge: Dodged            |    52 |   122 |   244 ||   418
